 Dungeon Crawl Stone Soup version 0.21.1-1-g345015fe64 (webtiles) character file.

98 Mrkan the Changer (level 4, 0/32 HPs)
             Began as a Merfolk Transmuter on May 6, 2018.
             Slain by a scorpion (2 damage)
             ... on level 6 of the Dungeon.
             The game lasted 00:07:44 (3566 turns).

Mrkan the Changer (Merfolk Transmuter)              Turns: 3566, Time: 00:07:44

Health: 0/32       AC:  2    Str: 10    XL:     4   Next: 71%
Magic:  6/7        EV: 13    Int: 13    God:
Gold:   116        SH:  0    Dex: 14    Spells: 4/7 levels left

rFire    . . .     SeeInvis .     - Unarmed
rCold    . . .     Gourm    .   (no shield)
rNeg     . . .     Faith    .   b - +0 robe
rPois    .         Spirit   .   (no helmet)
rElec    .         Reflect  .   (no cloak)
rCorr    .         Harm     .   (no gloves)
MR       .....                  (no boots)
Stlth    +.........             (no amulet)
HPRegen  0.10/turn              (no ring)
MPRegen  0.10/turn              (no ring)

@: lethally poisoned (0 -> -7), appendage (expiring)
A: change form in water, swift swim, stealthy swim, horns 2
a: End Transformation


You were on level 6 of the Dungeon.
You were not hungry.
You had grown temporary horns.
You visited 1 branch of the dungeon, and saw 5 of its levels.

You collected 116 gold pieces.

Inventory:

Missiles
 a - 53 arrows
Armour
 b - a +0 robe (worn)
 p - +0 fire dragon scales
Jewellery
 h - a cursed amulet of inaccuracy {unknown}
 l - an uncursed ring of positive energy {unknown}
 r - a cursed ring of loudness {unknown}
Scrolls
 f - 3 scrolls of identify {unknown}
 i - 3 scrolls of remove curse {unknown}
 m - 3 scrolls of magic mapping {unknown}
 n - a scroll of enchant armour {unknown}
 o - a scroll of noise {unknown}
 q - a scroll of amnesia {unknown}
Potions
 e - 2 potions of brilliance {unknown}
 g - 2 potions of ambrosia {unknown}
 j - a potion of haste {unknown}
 k - 2 potions of curing
Books
 c - a book of Changes

   Spells                             Type                      Level
   a - Beastly Appendage              Transmutation                1
   b - Sticks to Snakes               Transmutation                2
   c - Spider Form                    Transmutation/Poison         3
   d - Ice Form                       Ice/Transmutation            4
   e - Blade Hands                    Transmutation                5
Comestibles
 d - 6 rations
 s - 3 chunks of flesh


   Skills:
 - Level 1.1 Fighting
 - Level 2.6 Dodging
 * Level 4.7 Unarmed Combat
 - Level 2.0 Spellcasting
 * Level 4.8 Transmutations


You had 4 spell levels left.
You knew the following spells:

 Your Spells              Type           Power        Failure   Level  Hunger
a - Beastly Appendage     Tmut           ##....       3%          1    ##.....
b - Sticks to Snakes      Tmut           ##......     5%          2    ###....


Dungeon Overview and Level Annotations

Branches:
Dungeon (4/15)
 Temple: D:4-7

Altars:
Wu Jian


Innate Abilities, Weirdness & Mutations

You revert to your normal form in water.
You are very nimble and swift while swimming.
You are very stealthy in the water. (Stealth+)
You have a pair of horns on your head.


Message History

The leopard gecko hisses angrily.
The scorpion stings you!
You are poisoned.
The scorpion poisons you!
You closely miss the scorpion.
You headbutt the scorpion, but do no damage.
The scorpion is moderately wounded.
Your transformation is almost over.
You feel sick. The scorpion stings you.
* * * LOW HITPOINT WARNING * * *
You hit the scorpion but do no damage. Your headbutt misses the scorpion.
The scorpion is moderately wounded.
* * * LOW HITPOINT WARNING * * *
You feel sick. The scorpion stings you.
* * * LOW HITPOINT WARNING * * *
You closely miss the scorpion. Your headbutt misses the scorpion.
The scorpion is moderately wounded.
* * * LOW HITPOINT WARNING * * *
You feel sick. The leopard gecko barely misses you. The scorpion stings you.
You die...

##### #..@#
......ls.#
......$...#
............
...........##
..........##
#.........#
#######....


You could see a scorpion and a leopard gecko.

Vanquished Creatures
  5 adders
  A worm (D:3)
  2 dart slugs
  3 leopard geckos
  2 giant cockroaches
  9 goblins
  7 hobgoblins
  9 kobolds
  2 bats (D:1)
  A frilled lizard (D:1)
  4 rats
45 creatures vanquished.

Notes
Turn   | Place    | Note
-------+----------+-------------------------------------------
     0 | D:1      | Mrkan the Merfolk Transmuter began the quest for the Orb.
     0 | D:1      | Reached XP level 1. HP: 15/15 MP: 3/3
   185 | D:1      | Reached XP level 2. HP: 11/21 MP: 3/5
  1254 | D:1      | Reached XP level 3. HP: 26/26 MP: 6/6
  1843 | D:2      | Found an ornate altar of the Wu Jian Council.
  1966 | D:2      | Reached XP level 4. HP: 16/32 MP: 5/7
  2171 | D:2      | Learned a level 2 spell: Sticks to Snakes
  3559 | D:4      | You fall through a shaft for 2 floors!
  3566 | D:6      | Slain by a scorpion

Skill      XL: |  1  2  3 |
---------------+----------+-----
Transmutations | 3 4 |  4.8
Unarmed Combat | 4 |  4.7
Fighting       | |  1.1
Dodging        | |  2.6
Spellcasting   | |  2.0

Action                   |  1- 3 |  4- 6 || total
-------------------------+-------+-------++-------
Melee: Unarmed           |   105 |    65 ||   170
       Headbutt          |    15 |     3 ||    18
       Punch             |     1 |       ||     1
 Cast: Beastly Appendage |    15 |     8 ||    23
 Stab: Sleeping          |     3 |     3 ||     6
  Eat: Chunk             |     4 |     1 ||     5
       Ration            |       |     1 ||     1
Armor: Robe              |    15 |     7 ||    22
Dodge: Dodged            |    54 |    33 ||    87
